 Dungeon Crawl Stone Soup version 0.30-a0-721-ga6a225cb13 (webtiles) character file.

Game seed: 3309692346313641805

23 CaliBri the Digger (level 3, -18/21 HPs)
             Began as an Octopode Earth Elementalist on Jan 27, 2023.
             Killed by an exploding rat (39 damage)
             ... ignited by their inner flame
             ... on level 2 of the Dungeon.
             The game lasted 00:13:05 (2058 turns).

CaliBri the Digger (Octopode Earth Elementalist)    Turns: 2058, Time: 00:13:06

Health: -18/21     AC:  1    Str:  7    XL:     3   Next: 0%
Magic:  4/6        EV: 13    Int: 19    God:
Gold:   67         SH:  0    Dex: 12    Spells: 5/6 levels left

rFire   . . .      SeeInvis .    c - +1 dagger
rCold   . . .      Faith    .    (no shield)
rNeg    . . .      Spirit   .    (helmet restricted)
rPois   .          Reflect  .    (no amulet)
rElec   .          Harm     .    (no ring)
rCorr   .          Rampage  .    (no ring)
Will    .....                    (no ring)
Stlth   +++                      (no ring)
HPRegen 0.23/turn                (no ring)
MPRegen 0.10/turn                (no ring)
                                 (no ring)
                                 (no ring)

@: no status effects
A: almost no armour, amphibious, 8 rings, camouflage 1, gelatinous body 1,
(nimble swimmer 1), tentacles
a: no special abilities


You were on level 2 of the Dungeon.
You visited 1 branch of the dungeon, and saw 2 of its levels.

You collected 67 gold pieces.

Inventory:

Hand Weapons
 b - a +0 mace
 c - a +1 dagger (weapon)
 g - a +0 spear
 i - a +0 club
 j - a +0 hand axe
 k - a +0 club
 o - a +2 dagger of distortion
Missiles
 m - 17 stones
Scrolls
 h - a scroll of enchant weapon
 q - 2 scrolls of identify {unknown}
 s - a scroll of silence {unknown}
 t - a scroll of butterflies {unknown}
Potions
 a - a potion of magic
 d - a potion of invisibility {unknown}
 e - a potion of lignification {unknown}
 f - a potion of flight {unknown}
 l - a potion of heal wounds {unknown}
 n - a potion of curing {unknown}
 r - a potion of attraction {unknown}


   Skills:
 + Level 2.1 Dodging
 + Level 3.0 Stealth
 + Level 0.1 Unarmed Combat
 + Level 2.3 Spellcasting
 + Level 1.0 Transmutations
 + Level 3.5 Earth Magic


You had 5 spell levels left.
You knew the following spells:

 Your Spells              Type           Power      Damage    Failure   Level
a - Sandblast             Erth           30%        2d9       3%          1

Your spell library contained the following spells:

 Spells                   Type           Power      Damage    Failure   Level
 Passwall                 Tmut/Erth      8%         N/A       10%         2
 Stone Arrow              Conj/Erth      16%        3d8       24%         3
 Petrify                  Tmut/Erth      10%        N/A       54%         4


Dungeon Overview and Level Annotations

Branches:
Dungeon (2/15)

Altars:


Innate Abilities, Weirdness & Mutations

You cannot wear most types of armour.
You are amphibious.
You can wear up to eight rings at the same time.
Your skin changes colour to match your surroundings (Stealth+).
Your rubbery body absorbs attacks. (AC +1, EV +1)
((You are camouflaged when in or above water. (Stealth+)))
You have tentacles for arms and can constrict up to eight enemies at once.


Message History

You constrict the fungus.
A nearby fungus withers and dies.
You lose your grip on the fungus.
Found a robe.
Found a stone staircase leading down.
There is a stone staircase leading down here.
r - a sedimented yellow potion
s - a scroll labelled WIOMNE OTHIUDO You open the door.
There is an open door here.
q - 2 scrolls labelled HUPPEEBUR LUISCH (gained 1)
Found a chain mail.
You open the door.
There is an open door here.
t - a scroll labelled GEURAC GEZUCZU As you open the large door, it creaks loudly!
A kobold comes into view. It is wielding a +0 club.
The kobold shouts!
Aiming: Sandblast (safe; 4% risk of failure)
Press: ? - help, Q - select action, (/) - cycle Shift-Dir - straight line, f - kobold
Aim: a kobold, wielding a +0 club (77% to hit)
The blast of sand hits the kobold!
You kill the kobold!
You have reached level 3!
Your experience leads to an increase in your attributes!
Increase (S)trength, (I)ntelligence, or (D)exterity?
Uppercase letters only, please.
You feel clever. x2
You drop a scroll labelled GEURAC GEZUCZU.
A rat comes into view.
You see here a scroll labelled GEURAC GEZUCZU.
t - a scroll labelled GEURAC GEZUCZU
As you read the scroll labelled RAPUIH OGAA, it crumbles to dust.
The creatures around you are filled with an inner flame!
It was a scroll of immolation.
You hit the rat but do no damage. You grab the rat. You constrict the rat.
Flame seeps out of the rat.
The rat is engulfed in blazing flames.
The rat explodes!
The fiery explosion engulfs you!!!
Ouch! That really hurt!
You die...

#......# ##)####♣♣..♣♣
#.....#♣#..#♣
#######.###.#♣.##.♣
........#####♣.##.♣
............# #).#♣
....##.....## ♣..♣
###.##.###.####'§#######
..#.##.#........@○§....#
#.#.##.#.#.#..########.#
#.#.##.#.#.#......###
#.#.##.#.#.#.#......#
#.#.##.#.#.#.#....#.#
#.#.##.#.#.#.#....#
..#.##.#.#.#.######
###..#.#.#.#.. .....#.#
#..


There were no monsters in sight!

Vanquished Creatures
  3 endoplasms
  6 goblins
  2 hobgoblins (D:1)
  2 kobolds
  A quokka (D:2)
  4 bats (D:1)
  2 frilled lizards (D:1)
  3 rats
23 creatures vanquished.

Vanquished Creatures (others)
  2 fungi (D:2)
2 creatures vanquished.

Grand Total: 25 creatures vanquished

Notes
Turn   | Place    | Note
-------+----------+-------------------------------------------
     0 | D:1      | CaliBri the Octopode Earth Elementalist began the quest for
                  | the Orb.
     0 | D:1      | Reached XP level 1. HP: 11/11 MP: 3/3
   128 | D:1      | Reached XP level 2. HP: 17/17 MP: 3/5
  1852 | D:2      | Found a faded altar of an unknown god.
  2052 | D:2      | Reached XP level 3. HP: 21/21 MP: 4/6
  2058 | D:2      | Killed by an exploding rat... ignited by their inner flame

Illustrated notes

Levels and vault maps discovered:
D:1:      dpeg_arrival_subterranean_lakeside_camping, layout_loops_ring,
          hangedman_decor_riveting, hangedman_abyss_or_decor_stabs
D:2:      layout_basic, dreamdust_ecumenical_altar_hidden_monk_grotto,
          kennysheep_generic_room_15

Skill      XL: |  1  2 |
---------------+-------+-----
Stealth        | 3 |  3.0
Dodging        | |  2.1
Unarmed Combat | |  0.1
Spellcasting   | |  2.3
Transmutations | |  1.0
Earth Magic    | |  3.5

Action                     || total
---------------------------++-------
  Melee: Unarmed           ||     6
         Tentacles         ||     9
         Punch             ||     1
         Dagger            ||    25
         Constrict         ||     8
         Mace              ||     3
   Cast: Sandblast         ||    14
    Use: Scroll            ||     2
   Stab: Sleeping          ||     4
 Armour: Skin              ||     1
  Dodge: Dodged            ||    10

Table legend: (Time is in decaauts)
 A = Elapsed time spent in this place.
 B = Non-inter-level travel time spent in this place.
 C = Inter-level travel time spent in this place.
 D = Time resting spent in this place.
 E = Time spent auto-exploring this place.
 F = Levels seen in this place.
 G = Mean time per level.
                   A        B        C        D        E       F      G
               +--------+--------+--------+--------+--------+-----+--------+
         Total |   2063 |   2063 |      0 |    600 |    351 |   2 | 1031.5 |
       Dungeon |   2063 |   2063 |      0 |    600 |    351 |   2 | 1031.5 |
               +--------+--------+--------+--------+--------+-----+--------+

Top non-repeatable levels by time:
     D:1: 1702 daAuts
     D:2: 361 daAuts
